 Dungeon Crawl Stone Soup version 0.32-a0-953-g508020473e (webtiles) character file.

Game seed: 5555046025581448511

65 PimpSugar the Magician (level 3, 0/25 HPs)
             Began as a Demonspawn Hedge Wizard on Apr 16, 2024.
             Slain by Robin
             ... wielding a +2 vampiric spear
              (1 damage)
             ... on level 3 of the Dungeon.
             The game lasted 00:07:13 (1988 turns).

PimpSugar the Magician (Demonspawn Hedge Wizard)    Turns: 1988, Time: 00:07:15

Health: 0/25       AC:  5    Str: 10    XL:     3   Next: 92%
Magic:  5/7        EV: 11    Int: 16    God:
Gold:   121        SH:  0    Dex: 12    Spells: 5/8 levels left

rFire   . . .        a - +0 dagger
rCold   . . .        (no shield)
rNeg    . . .        b - +0 robe
rPois   .            c - +0 hat
rElec   .            (no cloak)
rCorr   .            (no gloves)
SInv    .            e - +2 pair of boots
Will    .....        n - amulet of the acrobat
Stlth   ++           (no ring)
HPRegen 0.24/turn    (no ring)
MPRegen 0.10/turn

%: acrobat
@: no status effects
A: antennae 1, sturdy frame 1
a: no special abilities


You were on level 3 of the Dungeon.
You visited 1 branch of the dungeon, and saw 3 of its levels.

You collected 121 gold pieces.

Inventory:

Hand Weapons
 a - a +0 dagger (weapon)
 f - a +0 sling
Missiles
 j - a stone
 k - 5 poisoned darts
Armour
 b - a +0 robe (worn)
 c - a +0 hat (worn)
 e - a +2 pair of boots (worn)
Jewellery
 n - an amulet of the acrobat (around neck)
Talismans
 i - a flux talisman
Wands
 m - a wand of polymorph (4)
 q - a wand of charming (6)
Potions
 d - a potion of magic
 g - a potion of haste {unknown}
 h - a potion of attraction {unknown}
 l - a potion of degeneration {unknown}
 o - a potion of might {unknown}


   Skills:
 + Level 0.8 Fighting
 - Level 1.7 Dodging
 + Level 2.1 Stealth
 * Level 3.4 Spellcasting
 * Level 2.0 Conjurations
 + Level 1.3 Summonings
 + Level 1.3 Translocations
 + Level 0.0 Evocations
 + Level 0.5 Shapeshifting


You had 5 spell levels left.
You knew the following spells:

 Your Spells              Type           Power      Damage    Failure   Level
a - Magic Dart            Conj           36%        1d4       8%          1
b - Call Imp              Summ           12%        N/A       16%         2

Your spell library contained the following spells:

 Spells                   Type           Power      Damage    Failure   Level
 Blink                    Tloc           12%        N/A       16%         2
 Slow                     Hex            8%         N/A       19%         1
 Cigotuvi's Dreadful Rot  Necr/Alch/Air  4%         N/A       26%         2
 Dazzling Flash           Conj/Hex       12%        N/A       34%         3
 Mephitic Cloud           Conj/Alch/Air  4%         N/A       38%         3
 Silence                  Hex/Air        1%         N/A       99%         5


Dungeon Overview and Level Annotations

Branches:
Dungeon (3/15)

Altars:

Annotations:
D:3 Robin


Innate Abilities, Weirdness & Mutations

You have a pair of small antennae on your head.
Your movements are slightly less encumbered by armour. (ER -2)


Message History

q - a wand of charming (7) Robin says, "A pitiful Demonspawn like you will never find the ORB!"
Aiming: Charm
Press: ? - help, Shift-Dir - straight line, f - goblin
Aim: a goblin, wielding a +0 club (ally target, chance to affect: 66%)
The goblin struggles to resist.
The goblin hits you with a +0 club.
* * * LOW HITPOINT WARNING * * *
Your cerulean imp barely misses the goblin.
Robin roars a battlecry!
The goblin goes into a battle-frenzy!
The goblin attacks as it pursues you! The goblin hits you but does no damage.
Robin attacks as they pursue you! Robin misses you.
You feel better. The goblin barely misses you.
Your cerulean imp closely misses the goblin.
Robin hits you from afar with a +2 vampiric spear.
You barely miss the goblin. The goblin misses you.
Your cerulean imp barely misses the goblin.
Robin barely misses you.
You hit the goblin.
The goblin is moderately wounded.
The goblin hits you with a +0 club.
Your cerulean imp hits the goblin but does no damage.
Robin throws the goblin at you!
* * * LOW HITPOINT WARNING * * *
Casting: Call Imp (safe; 16% risk of failure)
Confirm with . or Enter, or press ? or * to list all spells.
A tiny devil pulls itself out of the air.
Your cerulean imp disappears in a puff of smoke!
The goblin barely misses you.
Robin hits you from afar with a +2 vampiric spear.
* * * LOW HITPOINT WARNING * * *
Robin draws strength from your wounds!
Aiming: Polymorph
Press: ? - help, Shift-Dir - straight line, f/p - goblin
Aim: a goblin, wielding a +0 club (moderately wounded, strong, will become an endoplasm, a kobold, or a quokka, chance to affect: 66%)
The goblin struggles to resist.
The goblin hits you with a +0 club.
* * * LOW HITPOINT WARNING * * *
Robin hits you from afar with a +2 vampiric spear.
You die...
Robin says, "And that's why I'm the boss."

### #.. #.# ## #+
#.##.. #. ....
#.#########.####.#.
.......g@5g.§......
#.#########.####...
#)#....# #.5....>.
####.#.#.##g#
#..#####.####.#
......5g..#.# #..#
#.#..#.#
####.#)#..#.####..#
#.#..#.#
#.####.5g....#
#.#..#.#
#........#...#
#.#†.#.#
########.#...#
#.#.....


You could see Robin (ally target), a goblin (strong) and a friendly cerulean imp
(summoned).

Vanquished Creatures
  An adder (D:2)
  A dart slug (D:1)
  4 endoplasms
  2 giant cockroaches (D:1)
  5 goblins
  3 hobgoblins
  4 jackals (D:1)
  A kobold (D:2)
  2 quokkas
  4 ball pythons
  4 bats
  A frilled lizard (D:1)
  2 rats (D:1)
34 creatures vanquished.

Vanquished Creatures (collateral kills)
  A bat (D:3)
  An endoplasm (D:1)
  A hobgoblin (D:2)
  2 jackals (D:1)
  5 goblins (D:3)
  A kobold (D:1)
  A rat (D:1)
12 creatures vanquished.

Grand Total: 46 creatures vanquished

Notes
Turn   | Place    | Note
-------+----------+-------------------------------------------
     0 | D:1      | PimpSugar the Demonspawn Hedge Wizard began the quest for
                  | the Orb.
     0 | D:1      | Reached XP level 1. HP: 13/13 MP: 4/4
   137 | D:1      | Reached skill level 1 in Translocations
   203 | D:1      | Gained mutation: You have a pair of small antennae on your
                  | head. [demonic ancestry]
   203 | D:1      | Reached XP level 2. HP: 19/19 MP: 0/6
   298 | D:1      | Learned a level 2 spell: Call Imp
   840 | D:1      | Gained mutation: Your movements are slightly less
                  | encumbered by armour. (ER -2) [demonic ancestry]
   840 | D:1      | Reached XP level 3. HP: 15/25 MP: 2/7
   964 | D:2      | Found a faded altar of an unknown god.
  1943 | D:3      | Noticed Robin
  1988 | D:3      | HP: 1/25 [goblin/+0 club[Robin] (2)]
  1988 | D:3      | Slain by Robin

Illustrated notes

Levels and vault maps discovered:
D:1:      lightli_arrival_windingriver, layout_rooms,
          nicolae_twisty_statue_hallways
D:2:      layout_basic, hellmonk_ecumenical_altar_zigzags
D:3:      layout_basic, uniq_robin

Skill      XL: |  1  2  3 |
---------------+----------+-----
Translocations | 1 |  1.3
Stealth        | 2 |  2.1
Conjurations   | 2 |  2.0
Fighting       | |  0.8
Dodging        | |  1.7
Spellcasting   | |  3.4
Summonings     | |  1.3
Shapeshifting  | |  0.5

Action                     || total
---------------------------++-------
  Melee: Dagger            ||   101
   Cast: Magic Dart        ||    57
         Call Imp          ||    12
  Evoke: Wand              ||     2
    Use: Potion            ||     2
         Scroll            ||     1
 Armour: Robe              ||    85
  Dodge: Dodged            ||    91

Table legend: (Time is in decaauts)
 A = Elapsed time spent in this place.
 B = Non-inter-level travel time spent in this place.
 C = Inter-level travel time spent in this place.
 D = Time resting spent in this place.
 E = Time spent auto-exploring this place.
 F = Levels seen in this place.
 G = Mean time per level.
                   A        B        C        D        E       F      G
               +--------+--------+--------+--------+--------+-----+--------+
         Total |   1991 |   1925 |     66 |    145 |   1244 |   3 |  663.7 |
       Dungeon |   1991 |   1925 |     66 |    145 |   1244 |   3 |  663.7 |
               +--------+--------+--------+--------+--------+-----+--------+

Top non-repeatable levels by time:
     D:1: 955 daAuts
     D:2: 916 daAuts
     D:3: 119 daAuts
